 Dungeon Crawl Stone Soup version 0.30.1-4-g462c640d31 (webtiles) character file.

Game seed: 2279023614642204723

54 spardeous the Ruffian (level 3, 0/36 HPs)
             Began as a Troll Berserker on Aug 21, 2023.
             Was a Believer of Trog.
             Slain by a goblin
             ... wielding a +0 dagger
             ... led by Robin
              (3 damage)
             ... on level 2 of the Dungeon.
             The game lasted 00:01:17 (924 turns).

spardeous the Ruffian (Troll Berserker)              Turns: 924, Time: 00:01:18

Health: 0/36       AC:  4    Str: 27    XL:     3   Next: 66%
Magic:  2/2        EV: 10    Int:  3    God:    Trog [**....]
Gold:   103        SH:  0    Dex:  9    Spells: 2/2 levels left

rFire   . .          .
                       - Unarmed
rCold   . . .        (no shield)
rNeg    . . .        a - +0 animal skin
rPois   .            (helmet restricted)
rElec   .            (no cloak)
rCorr   .            (gloves unavailable)
SInv    .            (boots unavailable)
Will    .....        (no amulet)
Stlth   +            (no ring)
HPRegen 1.06/turn    (no ring)
MPRegen 0.08/turn

%: no passive effects
@: brilliant
A: large, unfitting armour, claws 3, regeneration 1, shaggy fur 1, tough skin 1
a: Renounce Religion, Berserk, Trog's Hand


You were on level 2 of the Dungeon.
You worshipped Trog.
Trog was pleased with you.
You visited 1 branch of the dungeon, and saw 2 of its levels.

You collected 103 gold pieces.

Inventory:

Armour
 a - a +0 animal skin (worn)
 i - a +0 chain mail
Scrolls
 c - a scroll of fear {unknown}
 d - 2 scrolls of identify {unknown}
 e - a scroll of blinking {unknown}
 f - a scroll of teleportation {unknown}
Potions
 b - a potion of heal wounds {unknown}
 g - a potion of lignification {unknown}
 h - a potion of brilliance
 j - a potion of ambrosia {unknown}
 k - a potion of curing {unknown}
 l - a potion of attraction {unknown}


   Skills:
 - Level 2.4 Fighting
 - Level 2.4 Dodging
 + Level 4.7 Unarmed Combat


You had 2 spell levels left.
You didn't know any spells.
Your spell library was empty.

Dungeon Overview and Level Annotations

Branches:
Dungeon (2/15)

Altars:

Shops:
D:2 =

Annotations:
D:2 Robin


Innate Abilities, Weirdness & Mutations

You are too large for most types of armour.
You have claws for hands.
Your natural rate of healing is unusually fast.
You are covered in fur. (AC +1)
You have tough skin. (AC +1)


Message History

You feel sick.
You are no longer poisoned.
The adder barely misses you.
Unknown command.
You scratch the goblin.
You kill the goblin!
Trog accepts your kill.
You can now call upon Trog for regeneration and willpower.
The adder closely misses you. Robin hits you with a +0 mace.
* * * LOW HITPOINT WARNING * * *
The goblin hits you with a +0 dagger.
* * * LOW HITPOINT WARNING * * *
You take 2 damage, and have 10/36 hp.
You scratch Robin.
Robin is heavily wounded.
The adder barely misses you. Robin closely misses you.
The goblin hits you with a +0 dagger.
* * * LOW HITPOINT WARNING * * *
The adder bites you but does no damage.
You take 2 damage, and have 8/36 hp.
You scratch the goblin but do no damage.
Robin throws the goblin at you!
* * * LOW HITPOINT WARNING * * *
An endoplasm comes into view.
The goblin hits you but does no damage. The goblin hits you with a +0 dagger.
* * * LOW HITPOINT WARNING * * *
The adder barely misses you.
You take 6 damage, and have 2/36 hp.
You closely miss the adder.
The endoplasm quivers.
Robin closely misses you. The goblin closely misses you.
The goblin hits you but does no damage. The adder bites you but does no damage.
Unknown command.
It was a potion of brilliance.
You feel clever all of a sudden. The adder bites you but does no damage.
The goblin hits you but does no damage. Robin hits you with a +0 mace.
* * * LOW HITPOINT WARNING * * *
The goblin hits you with a +0 dagger.
You die...

..# #....(###.#
#.########...#### ..#
####:.....# #.# #...#
..# ######## #.# #...#
..####### #.# #...#
........# #.# ....# #
..#####.## #.# #
.....##..## #.# #
#.##......#######g#
...#####
#.#####.#......g@g#
#....<.
#.#####..########S...#
#.##### #.......##
g##.... # ######### ..
J.. # .## . # .# .. ..


You could see Robin, an adder, an endoplasm and 3 goblins.

Vanquished Creatures
  Natasha (D:2)
  An endoplasm (D:2)
  8 goblins
  A hobgoblin (D:2)
  5 jackals
  2 kobolds (D:2)
  2 quokkas
  A ball python (D:1)
  3 bats
24 creatures vanquished.

Notes
Turn   | Place    | Note
-------+----------+-------------------------------------------
     0 | D:1      | spardeous the Troll Berserker began the quest for the Orb.
     0 | D:1      | Reached XP level 1. HP: 22/22 MP: 0/0
   533 | D:1      | Reached XP level 2. HP: 29/29 MP: 1/1
   775 | D:2      | Noticed Natasha
   776 | D:2      | Found Gyzo's Jewellery Emporium.
   784 | D:2      | Killed Natasha
   785 | D:2      | Reached skill level 4 in Unarmed Combat
   785 | D:2      | Reached XP level 3. HP: 17/36 MP: 2/2
   902 | D:2      | Noticed Robin
   920 | D:2      | Reached ** piety under Trog
   924 | D:2      | Slain by a goblin

Illustrated notes

Levels and vault maps discovered:
D:1:      dreamdust_arrival_sigmund_warning, layout_basic, hex_large,
          hangedman_decor_peaks_small
D:2:      layout_loops_cross, serial_shops,
          nicolae_shop_temple_entry_statues_fountains,
          kennysheep_generic_room_13, uniq_robin, uniq_natasha

Skill      XL: |  1  2 |
---------------+-------+-----
Unarmed Combat | 4 |  4.7
Fighting       | |  2.4
Dodging        | |  2.4

Action                     || total
---------------------------++-------
  Melee: Unarmed           ||    58
    Use: Potion            ||     1
 Armour: Animal skin       ||    32
  Dodge: Dodged            ||    47
